 Dungeon Crawl Stone Soup version 0.27.1-33-g824d729ab1 (webtiles) character file.

Game seed: 14429470987897206918

223 Qrupt the Shield-Bearer (level 6, -1/39 HPs)
             Began as a Gargoyle Fighter on Dec 31, 2021.
             Slain by a wyvern (8 damage)
             ... on level 5 of the Dungeon.
             The game lasted 00:04:18 (2999 turns).

Qrupt the Shield-Bearer (Gargoyle Fighter)          Turns: 2999, Time: 00:04:18

Health: -1/39      AC: 12    Str: 22    XL:     6   Next: 0%
Magic:  6/6        EV:  7    Int:  8    God:
Gold:   104        SH:  9    Dex:  9    Spells: 5/5 levels left

rFire    . . .     SeeInvis .   a - +0 flail (flame)
rCold    . . .     Faith    .   c - +0 kite shield
rNeg     + . .     Spirit   .   b - +0 scale mail
rPois    ∞         Reflect  .   (no helmet)
rElec    +         Harm     .   p - +0 cloak
rCorr    .         Rampage  .   (no gloves)
Will     .....                  (no boots)
Stlth    ..........             j - amulet of regeneration
HPRegen  1.13/turn              l - ring of flight
MPRegen  0.10/turn              (no ring)

@: flying
A: sickness immunity, AC +4, negative energy resistance 1, electricity
resistance, torment resistance 1, petrification resistance
a: no special abilities


You were on level 5 of the Dungeon.
You visited 1 branch of the dungeon, and saw 5 of its levels.

You collected 126 gold pieces.
You spent 22 gold pieces at shops.

Inventory:

Hand Weapons
 a - a +0 flail of flaming (weapon)
Missiles
 w - 4 curare-tipped darts (quivered)
Armour
 b - a +0 scale mail (worn)
 c - a +0 kite shield (worn)
 p - a +0 cloak (worn)
Jewellery
 j - an amulet of regeneration (around neck)
 l - a ring of flight (left hand)
 r - an amulet of the acrobat
Wands
 x - a wand of flame (9)
Scrolls
 f - a scroll of amnesia
 g - a scroll of enchant armour {unknown}
 i - 3 scrolls of teleportation
 m - a scroll of torment
 o - a scroll of fog {unknown}
 t - a scroll of acquirement {unknown}
Potions
 d - a potion of might
 e - a potion of invisibility {unknown}
 h - a potion of magic {unknown}
 n - a potion of berserk rage {unknown}
 q - 2 potions of curing {unknown}
 s - a potion of degeneration {unknown}
 u - a potion of lignification {unknown}
 v - a potion of resistance {unknown}


   Skills:
 + Level 4.5 Fighting
 + Level 3.3 Maces & Flails
 + Level 4.5 Armour
 + Level 4.5 Shields


You had 5 spell levels left.
You didn't know any spells.
Your spell library contained the following spells:

 Spells                   Type           Power      Damage    Failure   Level
 Blink                    Tloc           N/A        N/A       100%        2
 Ensorcelled Hibernation  Hex/Ice        0%         N/A       100%        2
 Lesser Beckoning         Tloc           0%         N/A       100%        3
 Spider Form              Tmut/Pois      0%         N/A       100%        3
 Manifold Assault         Tloc           0%         N/A       100%        5
 Shadow Creatures         Summ           N/A        N/A       100%        6


Dungeon Overview and Level Annotations

Branches:
Dungeon (5/15)
 Temple: D:4-7

Altars:

Shops:
D:3 ?[


Innate Abilities, Weirdness & Mutations

You are immune to sickness and miasma.
Your stone body is resilient. (AC +4)
You are immune to poison.
You resist negative energy. (rN+)
You are resistant to electric shocks. (rElec)
You are resistant to unholy torment.
You are immune to petrification.


Message History

Found a stone staircase leading up.
As you open the door, it creaks loudly!
Found 23 stones.
There is an open door here.
You see here 23 stones.
Found 22 stones.
Found a flail.
You see here 22 stones.
A wyvern comes into view.
The wyvern hisses angrily.
A wyvern is nearby!
A wyvern is nearby!
Found 16 gold pieces.
You hit the wyvern.
The wyvern is lightly wounded.
The wyvern barely misses you.
The wyvern bites you but does no damage.
You hit the wyvern.
The wyvern is moderately wounded.
The wyvern bites you! x2
You thump the wyvern!
The wyvern is heavily wounded.
You block the wyvern's attack. The wyvern bites you!
The wyvern bites you but does no damage.
Okay, then.
As you read the scroll of brand weapon, it crumbles to dust.
Your +0 flail is engulfed in flames!
a - a +0 flail of flaming (weapon)
You block the wyvern's attack.
You closely miss the wyvern.
The wyvern is heavily wounded.
The wyvern bites you!
* * * LOW HITPOINT WARNING * * *
The wyvern bites you.
* * * LOW HITPOINT WARNING * * *
Your shield prevents you from hitting the wyvern.
The wyvern is heavily wounded.
The wyvern bites you but does no damage.
The wyvern bites you!
You die...

########.#
#........#
#.######## #.#
#.# #(######
####.....)#
#.........#
#......@..#
#....###l.....#
#....# ......#
####.# ......#
#+# ......#
......# ......+
....$.#


You could see a wyvern.

Vanquished Creatures
  2 iguanas (D:4)
  An orc wizard (D:3)
  4 adders
  3 gnolls
  A worm (D:2)
  A dart slug (D:1)
  4 orcs
  8 bats
  4 endoplasms
  A giant cockroach (D:1)
  6 goblins
  3 hobgoblins
  4 jackals
  4 quokkas
  8 ball pythons
  A frilled lizard (D:1)
  3 kobolds
  4 rats
62 creatures vanquished.

Vanquished Creatures (others)
  An orc wizard (D:3)
1 creature vanquished.

Grand Total: 63 creatures vanquished

Notes
Turn   | Place    | Note
-------+----------+-------------------------------------------
     0 | D:1      | Qrupt the Gargoyle Fighter began the quest for the Orb.
     0 | D:1      | Reached XP level 1. HP: 14/14 MP: 1/1
    39 | D:1      | Reached XP level 2. HP: 13/19 MP: 2/2
   427 | D:1      | Found a faded altar of an unknown god.
   538 | D:1      | Reached XP level 3. HP: 19/23 MP: 3/3
  1443 | D:3      | Found Idashruu's Antique Armour Shoppe.
  1555 | D:3      | Reached XP level 4. HP: 29/29 MP: 4/4
  2019 | D:3      | Reached XP level 5. HP: 33/33 MP: 5/5
  2053 | D:3      | Found Rorumuj's Magic Scroll Shop.
  2060 | D:3      | Bought a scroll of identify for 22 gold pieces
  2822 | D:5      | Entered Level 5 of the Dungeon
  2930 | D:5      | Reached XP level 6. HP: 39/39 MP: 6/6
  2991 | D:5      | Noticed a wyvern
  2999 | D:5      | Slain by a wyvern

Illustrated notes

Levels and vault maps discovered:
D:1:      lemuel_arrival_funnel, layout_rooms, hellmonk_ecumenical_altar_blasted
D:2:      layout_rooms, patterned_corridor
D:3:      layout_basic, serial_shops, shop_statue, shop
D:4:      layout_basic
D:5:      layout_basic

Skill      XL: |  1  2  3  4 |
---------------+-------------+-----
Shields        | 4 |  4.5
Fighting       | 4 |  4.5
Armour         | 4 |  4.5
Maces & Flails | 3 |  3.3

Action                   |  1- 3 |  4- 6 || total
-------------------------+-------+-------++-------
Melee: Flail             |   155 |   139 ||   294
  Use: Scroll            |       |     5 ||     5
Armor: Scale mail        |   103 |    80 ||   183
Dodge: Dodged            |    67 |    33 ||   100
Block: Kite shield       |   105 |    74 ||   179
